 Dungeon Crawl Stone Soup version 0.21-a0-201-g8501b10 (webtiles) character file.

72 Leibowitz the Skirmisher (level 4, -2/49 HPs)
             Began as an Ogre Berserker on Aug 17, 2017.
             Was a Believer of Trog.
             Slain by a gnoll
             ... wielding a +0 club
              (8 damage)
             ... on level 2 of the Dungeon.
             The game lasted 00:03:11 (1263 turns).

Leibowitz the Skirmisher (Ogre Berserker)           Turns: 1263, Time: 00:03:11

Health: -2/49      AC:  3    Str: 22    XL:     4   Next: 26%
Magic:  0/4        EV: 10    Int:  8    God:    Trog [**....]
Gold:   94         SH:  0    Dex:  8    Spells: 3/3 levels left

rFire    + . .     SeeInvis .   a - +0 mace
rCold    + . .     Gourm    .   (no shield)
rNeg     . . .     Faith    .   b - +0 animal skin
rPois    .         Spirit   +   (helmet restricted)
rElec    .         Reflect  .   g - scarf {rC+ rF+}
rCorr    .         Harm     .   (gloves unavailable)
MR       .....                  (boots unavailable)
Stlth    +.........             m - amulet of guardian spirit
HPRegen  0.16/turn              (no ring)
MPRegen  0.09/turn              (no ring)

@: berserk cooldown, slowed, drained, very slow
A: unfitting armour, tough skin 1
a: Berserk, Trog's Hand, Burn Spellbooks, Renounce Religion


You were on level 2 of the Dungeon.
You worshipped Trog.
Trog was pleased with you.
You were very hungry.

You visited 1 branch of the dungeon, and saw 2 of its levels.

You collected 94 gold pieces.

Inventory:

Hand Weapons
 a - a +0 mace (weapon)
Armour
 b - a +0 animal skin (worn)
 g - a scarf of resistance (worn)
Jewellery
 m - an amulet of guardian spirit (around neck)
Scrolls
 d - a scroll of remove curse {unknown}
 e - 2 scrolls of fear {unknown}
 f - 2 scrolls of blinking {unknown}
 j - a scroll of immolation {unknown}
 k - a scroll of magic mapping {unknown}
 l - 3 scrolls of identify {unknown}
Potions
 h - 4 potions of mutation {unknown}
 i - a potion of ambrosia {unknown}
 n - a potion of lignification {unknown}
Comestibles
 c - a bread ration


   Skills:
 * Level 4.7(3.8) Fighting
 * Level 3.7(2.9) Maces & Flails
 * Level 0.4(0.0) Armour
 * Level 3.1(2.2) Dodging


You had 3 spell levels left.
You didn't know any spells.

Dungeon Overview and Level Annotations

Branches:
Dungeon (2/15)

Altars:


Innate Abilities, Weirdness & Mutations

You are too large for most types of armour.
You have tough skin. (AC +1)


Message History

a club x2; a flail; a gnoll corpse You hit the gnoll.
The gnoll is heavily wounded.
You are no longer berserk.
You are exhausted.
You feel yourself slow down. The gnoll hits you with a club.
* * * LOW HITPOINT WARNING * * *
You completely miss the gnoll.
The gnoll is heavily wounded.
The gnoll hits you with a club.
* * * LOW HITPOINT WARNING * * *
The gnoll barely misses you.
You closely miss the gnoll.
The gnoll is heavily wounded.
The gnoll barely misses you. The gnoll hits you with a club!
* * * LOW HITPOINT WARNING * * *
You hit the gnoll.
The gnoll is severely wounded.
The gnoll hits you with a club!
You die...

.............#### #.#.#
#............# #...#
###..........# ##..#
#..........# #..#
###.######.### #..# ....#
########..# ###.)....
..........#
#.####.##.############.##
.. ......g@?.# #.#
##.##.####.# #.# #.# #.#
#.####.#######.#
#..............#
######.######### #.# #.#
#.#


You could see a gnoll.

Vanquished Creatures
  3 gnolls (D:2)
  An adder (D:2)
  An ooze (D:1)
  A dart slug (D:1)
  5 bats (D:1)
  A goblin (D:1)
  3 hobgoblins
  3 jackals (D:2)
  3 frilled lizards
  6 kobolds (D:1)
  2 rats (D:1)
29 creatures vanquished.

Notes
Turn   | Place    | Note
-------+----------+-------------------------------------------
     0 | D:1      | Leibowitz the Ogre Berserker began the quest for the Orb.
     0 | D:1      | Reached XP level 1. HP: 24/24 MP: 1/1
   136 | D:1      | Reached XP level 2. HP: 29/32 MP: 2/2
   647 | D:1      | Reached XP level 3. HP: 23/40 MP: 3/3
  1255 | D:2      | Reached XP level 4. HP: 20/49 MP: 1/4
  1258 | D:2      | Reached ** piety under Trog
  1263 | D:2      | Slain by a gnoll

Vault maps used:
D:1:      dpeg_arrival_fog, minivault_24, grunt_decor_one_mirror

Skill      XL: |  1  2 |
---------------+-------+-----
Dodging        | 3 |  3.1
Maces & Flails | 3 |  3.7
Fighting       | |  4.7
Armour         | |  0.4

Action                   |  1- 3 |  4- 6 || total
-------------------------+-------+-------++-------
Melee: Mace              |    93 |     7 ||   100
Invok: Berserk           |     1 |       ||     1
  Eat: Chunk             |     1 |       ||     1
Armor: Animal skin       |    29 |       ||    29
Dodge: Dodged            |    57 |     4 ||    61
